Map: Dusk Towers

Players

Neeb - Winner!

  • Race: Protoss Protoss
  • League: Grandmaster

intense

  • Race: Terran Terran
  • League: Grandmaster

VOD

Have the link to the VOD?

Description

Time

  • Played on: Feb. 13, 2016, 6:24 p.m.
  • Length: 16:57
Show
View Real Time Build Order
Export as new Build Order

Neeb Protoss - Winner!

Build Orders: 1 Gate Expand 

Get SALT Encoding   

  12  0:02  Probe (Chrono Boost)  
  13  0:12  Probe (Chrono Boost)  
  14  0:18  Pylon  
  14  0:23  Probe (Chrono Boost)  
  15  0:36  Gateway, Probe (Chrono Boost)  
  16  0:47  Probe (Chrono Boost)  
  16  0:48  Assimilator  
  17  0:57  Probe (Chrono Boost)  
  18  1:08  Probe (Chrono Boost)  
  19  1:17  Nexus  
  19  1:21  Probe (Chrono Boost)  
  20  1:30  Cybernetics Core  
  20  1:34  Probe (Chrono Boost)  
  21  1:44  Assimilator  
  21  1:45  Probe (Chrono Boost)  
  22  1:49  Pylon  
  22  1:55  Probe (Chrono Boost)  
  23  2:07  Warp Gate, Probe (Chrono Boost), Adept (Chrono Boost)  
  26  2:19  Probe  
  27  2:29  Probe  
  27  2:31  Adept (Chrono Boost), Mothership Core (Chrono Boost)  
  32  2:41  Probe (Chrono Boost)  
  33  2:46  Robotics Facility  
  33  2:52  Probe x2 (Chrono Boost)  
  35  3:02  Probe (Chrono Boost)  
  35  3:03  Probe (Chrono Boost)  
  37  3:06  Pylon  
  37  3:13  Probe x2 (Chrono Boost)  
  37  3:19  Pylon  
  39  3:23  Probe (Chrono Boost)  
  39  3:24  Probe (Chrono Boost)  
  41  3:33  Probe (Chrono Boost)  
  44  3:34  Probe (Chrono Boost)  
  44  3:35  Observer (Chrono Boost)  
  44  3:37  Robotics Bay  
  44  3:40  Assimilator  
  44  3:43  Probe  
  44  3:44  Assimilator  
  44  3:45  Probe  
  46  3:49  Gateway  
  46  3:50  Gateway  
  46  3:52  Pylon  
  46  3:54  Probe  
  48  3:56  Observer (Chrono Boost)  
  48  3:57  Probe  
  49  4:04  Probe  
  49  4:09  Probe  
  51  4:14  Warp Prism (Chrono Boost)  
  51  4:15  Probe  
  54  4:17  Pylon  
  54  4:21  Probe  
  55  4:25  Probe  
  55  4:27  Adept  
  58  4:32  Gravitic Drive  
  58  4:33  Probe  
  58  4:36  Probe  
  58  4:37  Pylon  
  60  4:45  Disruptor (Chrono Boost)  
  63  4:46  Probe  
  63  4:49  Nexus  
  64  4:54  Pylon, Probe  
  65  5:00  Stalker  
  65  5:05  Probe  
  68  5:08  Stalker  
  68  5:09  Probe  
  69  5:16  Disruptor (Chrono Boost)  
  69  5:17  Probe  
  69  5:20  Probe  
  73  5:22  Stalker  
  73  5:25  Stalker  
  78  5:30  Probe  
  78  5:31  Probe, Twilight Council  
  78  5:33  Pylon  
  80  5:36  Sentry  
  80  5:42  Probe x2  
  83  5:49  Observer (Chrono Boost)  
  85  5:51  Sentry  
  85  5:52  Probe  
  85  5:54  Probe  
  89  6:00  Probe  
  89  6:03  Probe  
  89  6:04  Stalker x2  
  92  6:06  Probe, Observer (Chrono Boost)  
  92  6:08  Blink (Chrono Boost)  
  97  6:13  Probe x2  
  97  6:18  Probe  
  100  6:24  Probe  
  100  6:25  Probe  
  101  6:26  Observer  
  101  6:28  Assimilator x2  
  101  6:29  Pylon  
  101  6:30  Probe  
  104  6:33  Forge x2  
  104  6:42  Stalker x2  
  104  6:43  Stalker  
  110  6:51  Immortal  
  114  6:56  Gateway  
  114  6:57  Gateway  
  114  6:58  Gateway  
  114  7:08  Gateway, Protoss Ground Armor Level 1 (Chrono Boost), Protoss Ground Weapons Level 1 (Chrono Boost)  
  114  7:09  Gateway  
  114  7:13  Pylon  
  114  7:17  Extended Thermal Lance  
  114  7:22  Photon Cannon  
  114  7:24  Photon Cannon  
  114  7:25  Colossus  
  114  7:26  Pylon, Probe x3  
  123  7:42  Stalker x3  
  129  7:45  Nexus  
  129  7:48  Pylon  
  129  7:50  Pylon  
  129  7:55  Pylon  
  129  8:00  Charge  
  129  8:12  Colossus  
  135  8:20  Templar Archives, Assimilator  
  135  8:24  Assimilator  
  135  8:29  Zealot x4  
  135  8:30  Zealot x4  
  151  8:45  Photon Cannon  
  151  8:46  Photon Cannon  
  151  8:48  Photon Cannon  
  151  8:51  Pylon  
  151  8:52  Stargate  
  151  8:54  Protoss Ground Armor Level 2 (Chrono Boost)  
  151  8:55  Pylon  
  151  8:56  Protoss Ground Weapons Level 2 (Chrono Boost)  
  151  8:58  Colossus  
  145  9:08  Psionic Storm  
  146  9:19  High Templar x3  
  152  9:26  Gateway  
  152  9:33  Gateway  
  152  9:35  Gateway  
  151  9:38  Gateway  
  151  9:47  High Templar x2  
  151  9:50  Stargate  
  151  9:52  Fleet Beacon  
  155  10:09  Stalker  
  155  10:10  Stalker x4  
  165  10:20  Stalker x3  
  171  10:23  Oracle  
  174  10:31  Observer  
  174  10:36  Tempest  
  174  10:42  Zealot x6, High Templar x2  
  188  10:43  Zealot  
  174  11:00  Archon, Stalker x2  
  164  11:10  Archon  
  150  11:12  Stalker x4  
  150  11:13  Stalker  
  158  11:22  Tempest  
  158  11:23  Tempest  
  164  11:30  Probe  
  164  11:31  Probe  
  166  11:36  Nexus  
  166  11:39  Zealot x2  
  170  11:40  Zealot x9  
  174  11:50  Photon Cannon  
  174  11:51  Photon Cannon  
  174  11:52  Photon Cannon  
  174  11:53  Protoss Ground Armor Level 3 (Chrono Boost)  
  174  11:57  Protoss Ground Weapons Level 3 (Chrono Boost)  
  173  12:03  High Templar x2  
  173  12:04  High Templar  
  173  12:05  High Templar  
  181  12:09  High Templar  
  183  12:15  Photon Cannon  
  183  12:19  Photon Cannon  
  183  12:21  Zealot  
  185  12:23  Dark Shrine  
  185  12:24  Pylon, Nexus  
  185  12:26  Tempest  
  189  12:37  Photon Cannon  
  189  12:40  Photon Cannon  
  187  12:44  Photon Cannon  
  187  12:48  Oracle, Photon Cannon  
  187  12:50  Pylon  
  190  13:09  Oracle  
  193  13:15  Assimilator  
  193  13:17  High Templar  
  193  13:18  Zealot, High Templar  
  199  13:20  Assimilator  
  199  13:23  Zealot x2  
  199  13:24  Zealot x2  
  199  13:25  Stalker  
  193  13:34  Tempest  
  193  13:36  Probe  
  193  13:38  Pylon  
  193  13:40  Mothership Core  
  198  13:49  High Templar  
  198  14:06  Photon Cannon  
  198  14:09  Photon Cannon x2  
  198  14:10  Photon Cannon x2  
  198  14:11  Pylon, Photon Cannon x3  
  198  14:12  Photon Cannon  
  198  14:15  Protoss Air Weapons Level 1  
  198  14:16  Protoss Shields Level 1 (Chrono Boost)  
  198  14:17  Photon Cannon  
  198  14:24  Observer  
  198  14:26  Pylon  
  196  15:02  High Templar x2  
  198  15:07  Photon Cannon  
  198  15:09  Pylon  
  198  15:13  Photon Cannon  
  198  15:14  Photon Cannon  
  198  15:43  Archon  
  198  15:48  High Templar x2  
  196  15:55  Archon  
  196  15:56  Stalker x3  
  196  15:57  Stalker x3  
  188  15:59  Colossus  
  172  16:06  Tempest x2  
  184  16:12  High Templar x4  
  188  16:23  High Templar x2  
  192  16:29  Stalker x4  
  192  16:40  Nexus  
Show
View Real Time Build Order
Export as new Build Order

intense Terran 

Build Orders: Reaper Expand, MMM Bio 

Get SALT Encoding   

  12  0:01  SCV  
  13  0:14  SCV  
  14  0:18  Supply Depot  
  14  0:26  SCV  
  15  0:39  SCV  
  15  0:40  Barracks  
  16  0:44  Refinery  
  16  0:51  SCV  
  17  1:03  SCV  
  18  1:15  SCV  
  19  1:27  Reaper  
  19  1:28  Orbital Command  
  20  1:40  Command Center  
  20  1:48  Supply Depot  
  20  1:53  SCV  
  21  1:59  Marine  
  22  2:05  SCV  
  23  2:12  Factory  
  23  2:17  SCV  
  23  2:21  Barracks Reactor  
  24  2:29  SCV  
  25  2:41  SCV  
  25  2:43  Command Center  
  25  2:53  SCV, Orbital Command  
  25  2:55  Widow Mine  
  28  2:59  Marine x2  
  30  3:05  SCV  
  30  3:09  Starport  
  31  3:17  Marine x2  
  31  3:18  SCV  
  34  3:28  SCV  
  34  3:30  Supply Depot, SCV  
  36  3:35  Marine x2  
  36  3:40  SCV  
  39  3:42  SCV  
  39  3:43  Refinery  
  39  3:45  Medivac  
  42  3:52  SCV  
  42  3:53  Marine x2  
  42  3:54  SCV  
  46  3:55  Orbital Command  
  46  4:04  Factory Tech Lab, SCV  
  46  4:06  SCV  
  48  4:10  Marine  
  48  4:11  Barracks, Marine  
  48  4:12  Barracks  
  50  4:18  SCV x2  
  50  4:22  SCV, Engineering Bay  
  53  4:33  SCV x2  
  53  4:36  Engineering Bay  
  53  4:38  Refinery x2  
  55  4:40  Marauder, Stimpack  
  55  4:45  Starport Reactor  
  57  4:46  SCV x3  
  60  4:54  Supply Depot  
  60  4:58  SCV x2  
  62  5:02  Marauder  
  62  5:04  SCV  
  65  5:08  Barracks Tech Lab  
  65  5:10  SCV  
  65  5:14  SCV  
  64  5:16  SCV  
  65  5:23  Marine x2  
  65  5:26  SCV x2  
  65  5:27  Missile Turret  
  65  5:28  Terran Infantry Weapons Level 1, Missile Turret  
  69  5:29  Terran Infantry Armor Level 1  
  69  5:30  Missile Turret  
  69  5:33  Missile Turret  
  69  5:34  Missile Turret  
  69  5:38  Marauder, SCV, Missile Turret  
  69  5:40  Combat Shields, Orbital Command  
  72  5:47  SCV  
  72  5:48  Marine x2  
  75  5:50  SCV  
  75  5:54  Missile Turret  
  76  6:00  Supply Depot  
  76  6:01  SCV  
  76  6:03  Supply Depot, Marauder x2, SCV  
  82  6:06  Medivac  
  82  6:08  SCV  
  85  6:19  Missile Turret  
  85  6:20  Medivac  
  85  6:21  Marine x2  
  85  6:23  Missile Turret  
  85  6:24  SCV x2  
  88  6:29  Marauder x2  
  88  6:31  SCV  
  93  6:36  SCV x2  
  93  6:39  Missile Turret  
  95  6:49  Marine x2  
  95  6:50  Marauder x2  
  95  6:52  SCV  
  101  6:55  Missile Turret  
  101  6:56  Armory  
  101  6:58  Supply Depot  
  101  7:00  Barracks  
  101  7:01  Barracks  
  101  7:02  Liberator x2  
  101  7:10  Supply Depot  
  101  7:11  Supply Depot, Refinery x2  
  101  7:13  SCV  
  101  7:19  SCV x2  
  107  7:24  Marauder  
  107  7:25  Supply Depot  
  107  7:26  Supply Depot  
  107  7:27  Supply Depot  
  109  7:31  Marauder, SCV x2, Marine x2  
  109  7:36  Barracks  
  116  7:37  SCV, Factory Reactor  
  116  7:38  Barracks  
  116  7:39  Barracks  
  116  7:43  SCV x2  
  117  7:49  SCV  
  117  7:50  Barracks Reactor, Barracks Tech Lab  
  117  7:51  Liberator x2, Marine x2  
  120  7:53  Terran Infantry Weapons Level 2  
  120  7:55  SCV  
  121  7:59  Marauder x2  
  125  8:09  Marine x2  
  133  8:17  Marauder  
  135  8:20  Marauder x2, Supply Depot  
  135  8:21  Supply Depot  
  139  8:27  Barracks Tech Lab x3  
  139  8:31  Marine x2  
  139  8:32  Widow Mine x2  
  145  8:38  Marauder  
  145  8:39  Supply Depot  
  145  8:40  Supply Depot x2  
  147  8:42  Marauder x2, Marine x2  
  153  8:53  Marauder x2  
  153  8:54  Marauder  
  165  8:59  Terran Infantry Armor Level 2  
  165  9:00  Marauder  
  156  9:03  Marauder x2  
  156  9:06  Widow Mine, Medivac x2  
  156  9:07  Widow Mine  
  146  9:18  Marine  
  146  9:19  Marauder  
  151  9:24  Marauder, Marine x2  
  151  9:25  Marauder  
  155  9:32  Command Center  
  155  9:35  Widow Mine  
  155  9:36  Medivac x2  
  155  9:37  Marauder x2, Marine x2  
  167  9:42  Marine  
  167  9:43  Marauder x2  
  172  9:50  Marauder, Marine  
  175  9:53  Terran Ship Weapons Level 1  
  175  9:57  Marine x2  
  177  10:06  Medivac x2  
  175  10:10  Marine x2  
  175  10:11  Marauder  
  177  10:18  Marine x2  
  177  10:19  Marauder x2  
  177  10:21  Marauder x2, Marine  
  186  10:28  Marine  
  186  10:31  Marine  
  188  10:43  Medivac x2  
  188  10:44  Marauder x2  
  155  11:01  Marauder x2, Marine x3  
  155  11:02  Marauder x2, Marine  
  146  11:05  Marine  
  146  11:07  Marauder  
  141  11:13  Medivac x2  
  141  11:19  Marine x4  
  141  11:20  Widow Mine x2  
  141  11:23  Marauder x5  
  159  11:28  Marine  
  159  11:30  Liberator, Planetary Fortress  
  159  11:31  Liberator  
  160  11:37  Marine x2  
  148  11:44  Marauder x2  
  142  11:48  Widow Mine  
  142  11:49  Widow Mine, Marine  
  142  11:50  Marauder x3, Marine  
  142  11:53  Marauder  
  158  11:55  Marine  
  158  11:56  Concussive Shells  
  158  11:59  Marine  
  159  12:05  Marauder  
  159  12:06  Marauder  
  159  12:08  Ghost Academy  
  156  12:10  Terran Infantry Weapons Level 3  
  156  12:14  Marine  
  156  12:15  Marauder, Liberator x2, Marine  
  160  12:18  Terran Infantry Armor Level 3  
  160  12:25  Sensor Tower  
  160  12:26  Missile Turret  
  160  12:29  Marine  
  164  12:30  Marauder  
  171  12:37  Widow Mine x2  
  171  12:39  Marauder  
  179  12:47  Ghost x3  
  179  12:48  Marine  
  179  12:49  Marauder  
  184  12:52  Refinery, Marine  
  184  12:53  Refinery  
  184  12:58  Marauder, Marine x2  
  187  13:01  Marauder  
  181  13:11  Marauder, Marine x2  
  185  13:15  Medivac x2  
  185  13:16  Marauder  
  166  13:31  Widow Mine x2  
  164  13:35  Marauder x4, Marine x4  
  173  13:45  Medivac x2  
  166  13:50  Marine  
  164  13:59  Widow Mine x2  
  154  14:05  Marauder x4, Marine x5  
  167  14:11  Marauder  
  167  14:15  Medivac  
  167  14:17  Medivac  
  173  14:20  Terran Ship Weapons Level 2  
  173  14:23  Marine x2  
  173  14:24  Marauder  
  177  14:26  Marauder x2  
  177  14:28  Liberator, Marine  
  177  14:29  Marauder, Liberator  
  177  14:31  Marine  
  185  14:32  Sensor Tower, Orbital Command  
  185  14:36  Marine x2  
  187  14:40  Marine  
  187  14:41  Marine  
  187  14:45  Marauder  
  194  14:48  Marauder, Marine  
  177  15:37  Marauder x2, Marine  
  174  15:43  Marauder, Marine x2  
  174  15:44  Medivac x2  
  174  15:45  Marine x2  
  174  15:46  Marine  
  164  15:52  Marauder  
  164  15:54  Marine  
  144  15:58  Marauder x2  
  144  16:01  Refinery x2, Marine x2  
  144  16:02  Command Center  
  144  16:03  Command Center, Marine  
  144  16:04  Marauder x2, Marine  
  132  16:12  Marine  
  132  16:13  Marauder  
  120  16:18  Marine  
  120  16:19  Marine x2  
  120  16:20  Marauder  
  120  16:21  Medivac x2, Marine  
  120  16:23  Marauder  
  120  16:25  Marine  
  125  16:26  Marauder  
  125  16:30  Marine  
  126  16:34  Marine  
  126  16:36  Marine x2  
  126  16:39  Marine  
Tags
 
Add a new tag
Caveats
  • Supply blocks, unpowered buildings, or Contaminate may cause inaccurate times.
  • Supply counts are checked every 10 seconds.